 Dungeon Crawl Stone Soup version 0.25-a0-299-gced51cc (webtiles) character file.

Game seed: 16623761407090860926, levelgen mode: deterministic

326 Birdy the Firebug (level 6, 0/49 HPs)
             Began as a Naga Fire Elementalist on Dec 19, 2019.
             Slain by an orc
             ... wielding a +0 trident
              (8 damage)
             ... on level 3 of the Dungeon.
             The game lasted 00:12:06 (2961 turns).

Birdy the Firebug (Naga Fire Elementalist)          Turns: 2961, Time: 00:12:08

Health: 0/49       AC:  3    Str: 10    XL:     6   Next: 49%
Magic:  4/10       EV: 10    Int: 17    God:
Gold:   86         SH:  0    Dex: 12    Spells: 2/11 levels left

rFire    . . .     SeeInvis +   b - +0 spear
rCold    . . .     Gourm    .   (no shield)
rNeg     . . .     Faith    .   a - +0 robe
rPois    +         Spirit   .   (no helmet)
rElec    .         Reflect  .   (no cloak)
rCorr    .         Harm     .   (no gloves)
MR       .....                  (no barding)
Stlth    ++........             (no amulet)
HPRegen  0.16/turn              (no ring)
MPRegen  0.12/turn              (no ring)

@: short of breath, very slow
A: large, see invisible, deformed body, poison resistance, slowness 2, slow
metabolism 1, spit poison 1, AC +2
a: Spit Poison


You were on level 3 of the Dungeon.
You were not hungry.

You visited 1 branch of the dungeon, and saw 3 of its levels.

You collected 86 gold pieces.

Inventory:

Hand Weapons
 b - a +0 spear (weapon)
Armour
 a - a +0 robe (worn)
 e - a +0 leather armour
 g - a +0 ring mail
Scrolls
 d - a scroll of teleportation
 i - a scroll of magic mapping
 j - a scroll of identify
 k - 2 scrolls of immolation {unknown}
Potions
 f - 2 potions of haste
Comestibles
 c - 6 rations
 h - a chunk of flesh


   Skills:
 - Level 1.5 Dodging
 - Level 3.0 Stealth
 + Level 3.2 Spellcasting
 * Level 4.0 Conjurations
 * Level 5.0 Fire Magic


You had 2 spell levels left.
You knew the following spells:

 Your Spells              Type           Power        Failure   Level  Hunger
a - Foxfire               Conj/Fire      ###.         2%          1    None
b - Inner Flame           Hex/Fire       ##......     19%         3    ###....
c - Fireball              Conj/Fire      ###.......   58%         5    ######.

Your spell library contained the following spells:

 Spells                   Type           Power        Failure   Level  Hunger
 Conjure Flame            Conj/Fire      ###.....     8%          3    ###....
 Sticky Flame             Conj/Fire      ###.....     26%         4    ####...


Dungeon Overview and Level Annotations

Branches:
Dungeon (3/15)

Altars:
Dithmenos


Innate Abilities, Weirdness & Mutations

You cannot wear boots.
Your serpentine skin is tough. (AC +2)
You have supernaturally acute eyesight. (SInv)
Armour fits poorly on your strangely shaped body.
Your system is resistant to poisons. (rPois)
You cover ground very slowly.
You have a slow metabolism.
You can spit poison.


Message History

Aim: an orc wizard, wielding a +1 dagger of flaming and wearing a +0 robe (moderately wounded, fast, poisoned)
The splash of poison hits the orc wizard.
The orc wizard looks even sicker.
The orc wizard is severely wounded.
You feel slightly more hungry.
The foxfire hits the orc but does no damage.
The orc is heavily wounded.
The orc wizard casts a spell at you. The puff of flame misses you.
The puff of flame hits your foxfire.
Your foxfire completely resists.
The orc hits you from afar with a +0 trident!
* * * LOW HITPOINT WARNING * * *
The orc wizard hits you but does no damage.
Casting: Foxfire (safe; 2% risk of failure)
Confirm with . or Enter, or press ? or * to list all spells.
You conjure some foxfire!
The orc wizard casts a spell.
The orc wizard flickers and vanishes for a moment.
The orc hits you from afar with a +0 trident!
You die...

#........# ##........#
........<.# #.........#
##.###.........# #....
.......o..#
#...###..####o##
#...........vov# #...#
#..####@## #...# # #v#
####...###..####.######
...)..................#
.)...)....>.#.##.####.#
######'####.# #......#
##.......#
#.####.########
.........##.#
#.#...........#
..........#.#
#.#.#..######.#


You could see an orc wizard (invisible) and 2 orcs.

Vanquished Creatures
  5 orc wizards (D:3)
  A worker ant (D:3)
  3 gnolls (D:2)
  4 adders
  An ooze (D:2)
  A worm (D:2)
  5 dart slugs
  2 leopard geckos
  3 orcs (D:3)
  3 ball pythons
  7 bats
  5 giant cockroaches
  6 goblins
  5 hobgoblins
  A jackal (D:1)
  2 quokkas
  5 frilled lizards
  8 kobolds
  10 rats
77 creatures vanquished.

Vanquished Creatures (others)
  An orc wizard (D:3)
  209 foxfires
210 creatures vanquished.

Grand Total: 287 creatures vanquished

Notes
Turn   | Place    | Note
-------+----------+-------------------------------------------
     0 | D:1      | Birdy the Naga Fire Elementalist began the quest for the
                  | Orb.
     0 | D:1      | Reached XP level 1. HP: 15/15 MP: 3/3
   277 | D:1      | Reached XP level 2. HP: 15/22 MP: 0/5
   765 | D:1      | Reached XP level 3. HP: 28/28 MP: 4/6
  1174 | D:2      | Reached XP level 4. HP: 36/36 MP: 0/7
  1532 | D:2      | Reached skill level 4 in Fire Magic
  1538 | D:2      | Learned a level 3 spell: Inner Flame
  1704 | D:2      | Reached XP level 5. HP: 42/42 MP: 5/8
  1718 | D:2      | Learned a level 5 spell: Fireball
  2181 | D:3      | Found a shadowy altar of Dithmenos.
  2487 | D:3      | Reached XP level 6. HP: 16/49 MP: 0/10
  2761 | D:3      | Reached skill level 5 in Fire Magic
  2961 | D:3      | Slain by an orc

Levels and vault maps discovered:
D:1:      lemuel_arrival_funnel, layout_basic, minmay_indecisive_spiral
D:2:      layout_rooms, first_ration, minmay_crystal_water, minmay_hedge_maze
D:3:      layout_basic, lemuel_coloured_pillars_altar,
          grunt_dithmenos_smoke_and_mirrors

Skill      XL: |  1  2  3  4  5  6 |
---------------+-------------------+-----
Conjurations   | 2 3 4 |  4.0
Fire Magic     | 4 5 |  5.0
Spellcasting   | 3 |  3.2
Dodging        | |  1.5
Stealth        | |  3.0

Action                   |  1- 3 |  4- 6 || total
-------------------------+-------+-------++-------
Melee: Spear             |    25 |   100 ||   125
 Cast: Foxfire           |    50 |    78 ||   128
 Abil: Spit Poison       |     7 |    18 ||    25
  Use: Scroll            |     1 |     3 ||     4
       Potion            |       |     2 ||     2
 Stab: Sleeping          |       |     1 ||     1
  Eat: Chunk             |     1 |     6 ||     7
Armor: Robe              |     6 |     7 ||    13
Dodge: Dodged            |    20 |    43 ||    63

Table legend:
 A = Non-vault XP
 B = Vault XP
 C = Vault XP percentage of total XP
 D = Non-vault monster count
 E = Vault monster count
 F = Vault count percentage of total count
                 A         B        C        D         E       F
            +---------+---------+-------+---------+---------+-------
      Total |     458 |       9 |   1.9 |      74 |       4 |   5.1
            +---------+---------+-------+---------+---------+-------
        D:1 |      35 |       9 |  20.5 |      18 |       4 |  18.2
        D:2 |     133 |       0 |   0.0 |      32 |       0 |   0.0
        D:3 |     290 |       0 |   0.0 |      24 |       0 |   0.0
            +---------+---------+-------+---------+---------+-------
